 Dungeon Crawl Stone Soup version 0.27-a0-1200-g94dc6ad4cf (webtiles) character file.

Game seed: 13312899476515886169

11 ICC the Skirmisher (level 2, -1/16 HPs)
             Began as a Vine Stalker Fighter on May 30, 2021.
             Succumbed to a kobold's poison
             ... on level 1 of the Dungeon.
             The game lasted 00:01:42 (288 turns).

ICC the Skirmisher (Vine Stalker Fighter)            Turns: 288, Time: 00:01:42

Health: -1/16      AC:  6    Str: 18    XL:     2   Next: 29%
Magic:  3/3        EV:  9    Int:  8    God:
Gold:   21         SH:  0    Dex: 13    Spells: 1/1 levels left

rFire    . . .     SeeInvis .   a - +1 short sword (flame)
rCold    . . .     Faith    .   (no shield)
rNeg     . . .     Spirit   +   b - +0 scale mail
rPois    .         Reflect  .   (no helmet)
rElec    .         Harm     .   (no cloak)
rCorr    .         Rampage  .   (no gloves)
Will     .....                  (no boots)
Stlth    ..........             (no amulet)
HPRegen  0.05/turn              (no ring)
MPRegen  0.08/turn              (no ring)

@: lethally poisoned (-1 -> -16)
A: fangs 2, magic shield, antimagic bite, no potion heal 2
a: no special abilities


You were on level 1 of the Dungeon.
You visited 1 branch of the dungeon, and saw 1 of its levels.

You collected 21 gold pieces.

Inventory:

Hand Weapons
 a - a +1 short sword of flaming (weapon)
 w - a +0 rapier
Armour
 b - a +0 scale mail (worn)
Jewellery
 c - a ring of ice
Scrolls
 e - a scroll of brand weapon {unknown}
 g - a scroll of amnesia {unknown}
Potions
 d - a potion of might
 f - 2 potions of flight {unknown}


   Skills:
 + Level 2.8 Fighting
 * Level 2.0 Short Blades
 * Level 2.6 Armour
 + Level 0.3 Dodging
 - Level 2.6 Shields
 + Level 0.3 Spellcasting


You had one spell level left.
You didn't know any spells.
Your spell library was empty.

Dungeon Overview and Level Annotations

Branches:
Dungeon (1/15)

Altars:


Innate Abilities, Weirdness & Mutations

You have extremely sharp teeth.
When hurt, damage is shared between your health and your magic reserves.
Your bite disrupts and absorbs the magic of your enemies.
Potions cannot restore your health.


Message History

You see here a +0 scale mail.
A kobold comes into view. It is wielding a +0 whip.
The kobold throws a stone.
The stone hits you but does no damage.
You are too injured to fight recklessly!
Found 14 stones.
The kobold throws a stone.
The stone barely misses you. The kobold hits you but does no damage.
You hit the kobold but do no damage. Your bite misses the kobold.
The kobold misses you.
You closely miss the kobold. The kobold hits you with a +0 whip.
You hit the kobold. You burn the kobold.
You kill the kobold!
Things that are here:
a +0 whip; 4 stones
Found a quarterstaff.
You see here 14 stones.
A kobold comes into view. It is wielding a +0 dagger of venom.
The kobold throws a stone.
The stone hits you but does no damage.
Search for what [Enter for "!!carried && <> && <> >>", or ? for help]?
Can't find anything matching that.
The kobold throws a stone.
The stone hits you but does no damage.
You see here a +0 quarterstaff.
The kobold throws a stone.
The stone completely misses you. The kobold hits you but does no damage.
You barely miss the kobold. Your bite misses the kobold.
The kobold hits you with a +0 dagger of venom.
You are lethally poisoned!
You hit the kobold. You burn the kobold.
The kobold is heavily wounded.
You feel very sick. The kobold hits you but does no damage.
You are more poisoned.
You closely miss the kobold.
The kobold is heavily wounded.
* * * LOW HITPOINT WARNING * * *
You feel very sick. The kobold hits you but does no damage.
You hit the kobold. You burn the kobold.
You kill the kobold!
You die...

###.##. .#.... #
###....#
#.#......#
#.#.#....##
#...#....###.
..#####.##.)......
#.......).@.......
.#####.##.....##.
#.###...## #.#
...... #.# #.####
#.# .# ##(# .#
#..# .. #.##


There were no monsters in sight!

Vanquished Creatures
  2 bats (D:1)
  A hobgoblin (D:1)
  3 kobolds (D:1)
  A quokka (D:1)
  3 ball pythons (D:1)
  A goblin (D:1)
  A rat (D:1)
12 creatures vanquished.

Notes
Turn   | Place    | Note
-------+----------+-------------------------------------------
     0 | D:1      | ICC the Vine Stalker Fighter began the quest for the Orb.
     0 | D:1      | Reached XP level 1. HP: 11/11 MP: 2/2
   116 | D:1      | Reached XP level 2. HP: 10/16 MP: 3/3
   288 | D:1      | Succumbed to a kobold's poison

Illustrated notes

Levels and vault maps discovered:
D:1:      eino_arrival_tree_alley, layout_loops_ring

Skill      XL: |  1 |
---------------+----+-----
Short Blades   | 2 |  2.0
Fighting       | |  2.8
Armour         | |  2.6
Dodging        | |  0.3
Shields        | |  2.6
Spellcasting   | |  0.3

Action                   || total
-------------------------++-------
Melee: Rapier            ||    11
       Short sword       ||    22
       Bite              ||     5
Armor: Scale mail        ||    21
Dodge: Dodged            ||    17

Table legend: (Time is in decaauts)
 A = Elapsed time spent in this place.
 B = Non-inter-level travel time spent in this place.
 C = Inter-level travel time spent in this place.
 D = Time resting spent in this place.
 E = Time spent auto-exploring this place.
 F = Levels seen in this place.
 G = Mean time per level.
                   A        B        C        D        E       F      G
               +--------+--------+--------+--------+--------+-----+--------+
         Total |    288 |    288 |      0 |      0 |    198 |   1 |  288.0 |
       Dungeon |    288 |    288 |      0 |      0 |    198 |   1 |  288.0 |
               +--------+--------+--------+--------+--------+-----+--------+

Top non-repeatable levels by time:
     D:1: 288 daAuts
